TOP OF THE 1ST |
Hagerstown Suns batting - Pitching for Lakewood BlueClaws : RHP Shamar Hansford
|
Pitching: RHP Shamar Hansford
|
|
Batting: RHB Taffounnout Kame
|
0-0: Ball 1-0: Foul Ball, location: 2F 1-1: Ground out 5-3 (Groundball, 56S, EV 86.2 MPH)
|
Batting: RHB Aaron Bateman
|
0-0: Ball 1-0: SINGLE (Groundball, 5L, EV 100.0 MPH) (infield hit)
|
Batting: RHB Xavier Reeves
|
0-0: Called Strike 0-1: Fielders Choice at 2nd, 6-4 (Groundball, 6M, EV 81.2 MPH)
|
Batting: RHB Leo Gutierrez
|
Pickoff Play to 1st, Runner tries for 2nd, OUT after rundown.
|
Top of the 1st over - 0 runs, 1 hit, 0 errors, 0 left on base; Hagerstown 0 - Lakewood 0 |
BOTTOM OF THE 1ST |
Lakewood BlueClaws batting - Pitching for Hagerstown Suns : RHP Jayden Taylor
|
Pitching: RHP Jayden Taylor
|
|
Batting: LHB Jonathan Roman
|
0-0: Called Strike 0-1: Ball 1-1: Bunted foul 1-2: Strikes out swinging
|
Batting: LHB Matt Urbanek
|
0-0: Foul Ball, location: 2F 0-1: Swinging Strike 0-2: Strikes out looking
|
Batting: RHB Alan Weller
|
0-0: Ball 1-0: Fly out, F9 (Flyball, 89M, EV 82.5 MPH)
|
Bottom of the 1st over - 0 runs, 0 hits, 0 errors, 0 left on base; Hagerstown 0 - Lakewood 0 |
TOP OF THE 2ND |
Hagerstown Suns batting - Pitching for Lakewood BlueClaws : RHP Shamar Hansford
|
Batting: RHB Leo Gutierrez
|
0-0: Ball 1-0: Foul Ball, location: 2F 1-1: Ball 2-1: Swinging Strike 2-2: Ball 3-2: Ground out 3-1 (Groundball, 34S, EV 88.8 MPH)
|
Batting: RHB Hun-hyeon Kym
|
0-0: Reached on error, E4 (Groundball, 4, EV 95.0 MPH)
|
Batting: RHB Rudolph Lentz
|
0-0: Ground out 5-3 (Groundball, 56S, EV 69.4 MPH) Hun-hyeon Kym to third
|
Batting: SHB Fernando Fundora
|
0-0: Foul Ball, location: 2F 0-1: Ball 1-1: Swinging Strike 1-2: Strikes out looking
|
Top of the 2nd over - 0 runs, 0 hits, 1 error, 1 left on base; Hagerstown 0 - Lakewood 0 |
BOTTOM OF THE 2ND |
Lakewood BlueClaws batting - Pitching for Hagerstown Suns : RHP Jayden Taylor
|
Batting: SHB Brett St. Clair
|
0-0: Swinging Strike 0-1: Called Strike 0-2: Foul Ball, location: 2F 0-2: Ball 1-2: Foul Ball, location: 2F 1-2: Ball 2-2: Strikes out swinging
|
Batting: RHB Mike Maserang
|
0-0: Foul Ball, location: 2F 0-1: Foul Ball, location: 2F 0-2: Ball 1-2: Foul Ball, location: 2F 1-2: DOUBLE (Line Drive, 78XD, EV 106.2 MPH)
|
Batting: SHB Steve DeRienzo
|
0-0: Called Strike 0-1: DOUBLE (Line Drive, 89XD, EV 103.1 MPH) Mike Maserang scores
|
Batting: LHB Eric Farren
|
0-0: Foul Ball, location: 2F 0-1: Ball 1-1: SINGLE (Groundball, 6MD, EV 98.8 MPH) Steve DeRienzo to third
|
Batting: RHB Juan Valadez
|
0-0: Ball 1-0: Called Strike Eric Farren steals 2nd base 1-1: Ball 2-1: Swinging Strike 2-2: Ball 3-2: Ground out 6-3 (Groundball, 6S, EV 65.0 MPH) Steve DeRienzo scores Eric Farren to third
|
Batting: RHB Trent Hedrick
|
0-0: DOUBLE (Line Drive, 9LM, EV 99.4 MPH) Eric Farren scores
|
Batting: LHB Jonathan Roman
|
0-0: Ball 1-0: Fly out, F7 (Flyball, 7D, EV 106.2 MPH)
|
Bottom of the 2nd over - 3 runs, 4 hits, 0 errors, 1 left on base; Hagerstown 0 - Lakewood 3 |
TOP OF THE 3RD |
Hagerstown Suns batting - Pitching for Lakewood BlueClaws : RHP Shamar Hansford
|
Batting: RHB Jelexiz Cuenca
|
0-0: Called Strike 0-1: Swinging Strike 0-2: Foul Ball, location: 2F 0-2: Ball 1-2: Foul Ball, location: 2F 1-2: Strikes out swinging
|
Batting: RHB Joe Simmelink
|
0-0: Ball 1-0: SINGLE (Groundball, 56D, EV 97.5 MPH)
|
Batting: RHB Taffounnout Kame
|
0-0: Ball 1-0: Foul Ball, location: 2F 1-1: Called Strike Joe Simmelink is caught stealing 2nd base 2-4 1-2: Ball 2-2: Ball 3-2: Base on Balls
|
Batting: RHB Aaron Bateman
|
0-0: Ball Taffounnout Kame steals 2nd base 1-0: Fly out, F6 (Line Drive, 6, EV 71.9 MPH)
|
Top of the 3rd over - 0 runs, 1 hit, 0 errors, 1 left on base; Hagerstown 0 - Lakewood 3 |
BOTTOM OF THE 3RD |
Lakewood BlueClaws batting - Pitching for Hagerstown Suns : RHP Jayden Taylor
|
Batting: LHB Matt Urbanek
|
0-0: Foul Ball, location: 2F 0-1: Ball 1-1: Called Strike 1-2: Ball 2-2: SINGLE (Groundball, 4MS, EV 69.4 MPH) (infield hit)
|
Batting: RHB Alan Weller
|
0-0: Called Strike 0-1: Called Strike 0-2: Ball Wild Pitch! Matt Urbanek to second 1-2: Foul Ball, location: 2F 1-2: Ground out 5-3 (Groundball, 56, EV 90.0 MPH)
|
Batting: SHB Brett St. Clair
|
0-0: Ball 1-0: Ball 2-0: Ball 3-0: Base on Balls
|
Batting: RHB Mike Maserang
|
0-0: Called Strike 0-1: Foul Ball, location: 2F 0-2: SINGLE (Groundball, 6MD, EV 99.4 MPH) Matt Urbanek to third Brett St. Clair to second Runner from 3rd tries for Home, throw by CF and OUT! 8-2
|
Batting: SHB Steve DeRienzo
|
0-0: Ground out 5-3 (Groundball, 56S, EV 87.5 MPH)
|
Bottom of the 3rd over - 0 runs, 2 hits, 0 errors, 2 left on base; Hagerstown 0 - Lakewood 3 |
TOP OF THE 4TH |
Hagerstown Suns batting - Pitching for Lakewood BlueClaws : RHP Shamar Hansford
|
Batting: RHB Xavier Reeves
|
0-0: Called Strike 0-1: Called Strike 0-2: Ball 1-2: Ground out 4-3 (Groundball, 4S, EV 87.5 MPH)
|
Batting: RHB Leo Gutierrez
|
0-0: Ball 1-0: Fly out, F8 (Flyball, 8RS, EV 85.6 MPH)
|
Batting: RHB Hun-hyeon Kym
|
0-0: Called Strike 0-1: Ground out 5-3 (Groundball, 56, EV 101.9 MPH)
|
Top of the 4th over - 0 runs, 0 hits, 0 errors, 0 left on base; Hagerstown 0 - Lakewood 3 |
BOTTOM OF THE 4TH |
Lakewood BlueClaws batting - Pitching for Hagerstown Suns : RHP Jayden Taylor
|
Batting: LHB Eric Farren
|
0-0: Called Strike 0-1: Ball 1-1: Called Strike 1-2: Foul Ball, location: 2F 1-2: Strikes out swinging
|
Batting: RHB Juan Valadez
|
0-0: Swinging Strike 0-1: Called Strike 0-2: Ball 1-2: SINGLE (Groundball, 6MD, EV 105.0 MPH)
|
Batting: RHB Trent Hedrick
|
0-0: Ball 1-0: DOUBLE (Groundball, 5L, EV 100.0 MPH) Juan Valadez to third Runner from 3rd tries for Home, SAFE, no throw by LF
|
Batting: LHB Jonathan Roman
|
0-0: Ball 1-0: Ball 2-0: Ball 3-0: Called Strike 3-1: Called Strike 3-2: Fly out, F7 (Flyball, 78M, EV 93.8 MPH)
|
Batting: LHB Matt Urbanek
|
0-0: Foul Ball, location: 2F 0-1: Foul Ball, location: 2F 0-2: Strikes out looking
|
Bottom of the 4th over - 1 run, 2 hits, 0 errors, 1 left on base; Hagerstown 0 - Lakewood 4 |
TOP OF THE 5TH |
Hagerstown Suns batting - Pitching for Lakewood BlueClaws : RHP Shamar Hansford
|
Batting: RHB Rudolph Lentz
|
0-0: Ball 1-0: Ground out 5-3 (Groundball, 25, EV 80.6 MPH)
|
Batting: SHB Fernando Fundora
|
0-0: Ball 1-0: Fly out, F8 (Flyball, 8LXD, EV 110.0 MPH)
|
Batting: RHB Jelexiz Cuenca
|
0-0: Ball 1-0: Ground out 5-3 (Groundball, 56, EV 83.1 MPH)
|
Top of the 5th over - 0 runs, 0 hits, 0 errors, 0 left on base; Hagerstown 0 - Lakewood 4 |
BOTTOM OF THE 5TH |
Lakewood BlueClaws batting - Pitching for Hagerstown Suns : RHP Jayden Taylor
|
Batting: RHB Alan Weller
|
0-0: Ball 1-0: Foul Ball, location: 2F 1-1: Ball 2-1: Fly out, F8 (Flyball, 89XD, EV 96.2 MPH)
|
Batting: SHB Brett St. Clair
|
0-0: Foul Ball, location: 2F 0-1: Ball 1-1: Ball 2-1: Ball 3-1: Called Strike 3-2: Ground out 4-3 (Groundball, 4, EV 90.0 MPH)
|
Batting: RHB Mike Maserang
|
0-0: Ball 1-0: Ball 2-0: Ball 3-0: Base on Balls
|
Pitching: RHP Gary Simmons
|
|
Batting: SHB Steve DeRienzo
|
0-0: Called Strike 0-1: Ball 1-1: Ball 2-1: Fly out, F7 (Flyball, 7LS, EV 85.0 MPH)
|
Bottom of the 5th over - 0 runs, 0 hits, 0 errors, 1 left on base; Hagerstown 0 - Lakewood 4 |
TOP OF THE 6TH |
Hagerstown Suns batting - Pitching for Lakewood BlueClaws : RHP Shamar Hansford
|
Batting: RHB Joe Simmelink
|
0-0: Foul Ball, location: 2F 0-1: Ball 1-1: Ground out 4-3 (Groundball, 34, EV 78.1 MPH)
|
Batting: RHB Taffounnout Kame
|
0-0: SINGLE (Groundball, 6, EV 94.4 MPH)
|
Batting: RHB Aaron Bateman
|
0-0: Ball 1-0: Ball 2-0: Called Strike 2-1: Foul Ball, location: 2F 2-2: Foul Ball, location: 2F 2-2: Fly out, F8 (Flyball, 8RM, EV 87.5 MPH)
|
Batting: RHB Xavier Reeves
|
0-0: Swinging Strike 0-1: Ball 1-1: Swinging Strike 1-2: SINGLE (Line Drive, 6M, EV 96.9 MPH) Taffounnout Kame to second Runner from 2nd tries for 3rd, OUT! 8-5
|
Top of the 6th over - 0 runs, 2 hits, 0 errors, 1 left on base; Hagerstown 0 - Lakewood 4 |
BOTTOM OF THE 6TH |
Lakewood BlueClaws batting - Pitching for Hagerstown Suns : RHP Gary Simmons
|
Batting: LHB Eric Farren
|
0-0: Ball 1-0: Called Strike 1-1: Ball 2-1: Called Strike 2-2: Ball 3-2: Foul Ball, location: 2F 3-2: Ground out 6-3 (Groundball, 6, EV 90.6 MPH)
|
Batting: RHB Juan Valadez
|
0-0: SINGLE (Groundball, 6D, EV 108.1 MPH)
|
Batting: RHB Trent Hedrick
|
0-0: Called Strike 0-1: Swinging Strike 0-2: Ball 1-2: Ball 2-2: Ball 3-2: Foul Ball, location: 2F 3-2: Foul Ball, location: 2F 3-2: Base on Balls Juan Valadez to second
|
Batting: LHB Jonathan Roman
|
0-0: Swinging Strike 0-1: Swinging Strike 0-2: Strikes out swinging
|
Batting: LHB Matt Urbanek
|
0-0: Foul Ball, location: 2F 0-1: Foul Ball, location: 2F 0-2: Ball 1-2: Ball 2-2: Ball 3-2: Base on Balls Juan Valadez to third Trent Hedrick to second
|
Batting: RHB Alan Weller
|
0-0: Ball 1-0: SINGLE (Popup, 34D, EV 61.9 MPH) Juan Valadez scores Trent Hedrick to third Matt Urbanek to second Runner from 3rd tries for Home, SAFE, throw by 2B to home
|
Pitching: RHP Joe Adelmann
|
|
Batting: SHB Brett St. Clair
|
0-0: Called Strike 0-1: Called Strike 0-2: Ball 1-2: Ball 2-2: Foul Ball, location: 2F 2-2: 3-RUN HOME RUN (Flyball, 7D, EV 99.4 MPH), Distance : 348 ft
|
Batting: RHB Mike Maserang
|
0-0: Foul Ball, location: 2F 0-1: Called Strike 0-2: SINGLE (Line Drive, 89S, EV 113.1 MPH)
|
Batting: SHB Steve DeRienzo
|
0-0: Ball 1-0: Ball 2-0: Ball 3-0: Base on Balls Mike Maserang to second
|
Batting: LHB Eric Farren
|
0-0: Foul Ball, location: 2F 0-1: Ball 1-1: Ball 2-1: Ball 3-1: Base on Balls Mike Maserang to third Steve DeRienzo to second
|
Batting: RHB Juan Valadez
|
0-0: Ball 1-0: Ball 2-0: Ball 3-0: Called Strike 3-1: Called Strike 3-2: Base on Balls Mike Maserang scores Steve DeRienzo to third Eric Farren to second
|
Batting: RHB Trent Hedrick
|
0-0: Ball 1-0: Foul Ball, location: 2F 1-1: Called Strike 1-2: Foul Ball, location: 2F 1-2: Fly out, F9 (Flyball, 89M, EV 85.0 MPH)
|
Bottom of the 6th over - 6 runs, 4 hits, 0 errors, 3 left on base; Hagerstown 0 - Lakewood 10 |
TOP OF THE 7TH |
Hagerstown Suns batting - Pitching for Lakewood BlueClaws : RHP Shamar Hansford
|
Batting: RHB Leo Gutierrez
|
0-0: DOUBLE (Line Drive, 89D, EV 111.2 MPH)
|
Batting: RHB Hun-hyeon Kym
|
0-0: Ball 1-0: Fly out, F8 (Flyball, 8LD, EV 85.0 MPH)
|
Batting: RHB Rudolph Lentz
|
0-0: Called Strike Leo Gutierrez steals 3rd base 0-1: Ground out 6-3 (Groundball, 6, EV 83.8 MPH) Leo Gutierrez scores
|
Batting: SHB Fernando Fundora
|
0-0: Ball 1-0: Ball 2-0: Ball 3-0: Called Strike 3-1: Base on Balls
|
Batting: RHB Jelexiz Cuenca
|
0-0: Ball 1-0: SINGLE (Line Drive, 8RS, EV 110.6 MPH) Fernando Fundora to second
|
Batting: RHB Joe Simmelink
|
0-0: Called Strike 0-1: Foul Ball, location: 2F 0-2: Foul Ball, location: 2F 0-2: Ground out 2-3 (Groundball, 2L, EV 66.9 MPH)
|
Top of the 7th over - 1 run, 2 hits, 0 errors, 2 left on base; Hagerstown 1 - Lakewood 10 |
BOTTOM OF THE 7TH |
Lakewood BlueClaws batting - Pitching for Hagerstown Suns : RHP Joe Adelmann
|
Batting: LHB Jonathan Roman
|
0-0: Foul Ball, location: 2F 0-1: Ball 1-1: Ball 2-1: Ball 3-1: Base on Balls
|
Pitching: LHP Kevin Besser
|
|
Batting: LHB Matt Urbanek
|
0-0: Called Strike 0-1: Swinging Strike 0-2: Ball 1-2: Strikes out swinging
|
Pinch Hitting: LHB Joel Moore
|
0-0: Foul Ball, location: 2F 0-1: SINGLE (Line Drive, 8RS, EV 106.9 MPH) Jonathan Roman to second
|
Batting: SHB Brett St. Clair
|
0-0: Ball 1-0: Ball 2-0: Called Strike 2-1: Grounds into double play, 6-4-3 (Groundball, 6, EV 77.5 MPH)
|
Bottom of the 7th over - 0 runs, 1 hit, 0 errors, 1 left on base; Hagerstown 1 - Lakewood 10 |
TOP OF THE 8TH |
Hagerstown Suns batting - Pitching for Lakewood BlueClaws : RHP Shamar Hansford
|
Now at 1B: Joel Moore
|
|
Batting: RHB Taffounnout Kame
|
0-0: Ball 1-0: Ball 2-0: Ball 3-0: Base on Balls
|
Pitching: RHP Jeff van Schaik
|
|
Batting: RHB Aaron Bateman
|
0-0: Called Strike 0-1: Ball 1-1: Foul Ball, location: 2F 1-2: Foul Ball, location: 2F 1-2: Grounds into double play, 6-4-3 (Groundball, 6, EV 84.4 MPH)
|
Batting: RHB Xavier Reeves
|
0-0: Ball 1-0: Called Strike 1-1: Ball 2-1: SINGLE (Groundball, P, EV 81.9 MPH) (infield hit)
|
Batting: RHB Leo Gutierrez
|
0-0: Fielders Choice at 2nd, 5-4 (Groundball, 5, EV 106.2 MPH)
|
Top of the 8th over - 0 runs, 1 hit, 0 errors, 1 left on base; Hagerstown 1 - Lakewood 10 |
BOTTOM OF THE 8TH |
Lakewood BlueClaws batting - Pitching for Hagerstown Suns : LHP Kevin Besser
|
Batting: RHB Mike Maserang
|
0-0: Foul Ball, location: 2F 0-1: Swinging Strike 0-2: Strikes out swinging
|
Batting: SHB Steve DeRienzo
|
0-0: Called Strike 0-1: Fly out, F8 (Flyball, 8RXD, EV 98.8 MPH)
|
Batting: LHB Eric Farren
|
0-0: Called Strike 0-1: Ball 1-1: Ground out U3 (Groundball, 3, EV 108.8 MPH)
|
Bottom of the 8th over - 0 runs, 0 hits, 0 errors, 0 left on base; Hagerstown 1 - Lakewood 10 |
TOP OF THE 9TH |
Hagerstown Suns batting - Pitching for Lakewood BlueClaws : RHP Jeff van Schaik
|
Batting: RHB Hun-hyeon Kym
|
0-0: Called Strike 0-1: Ball 1-1: Swinging Strike 1-2: Strikes out swinging
|
Batting: RHB Rudolph Lentz
|
0-0: SINGLE (Groundball, 5S, EV 73.1 MPH) (infield hit)
|
Batting: SHB Fernando Fundora
|
0-0: Ball 1-0: Ball 2-0: Called Strike 2-1: Ball 3-1: Fielders Choice at 2nd, 3-6 (Groundball, 34, EV 95.6 MPH)
|
Batting: RHB Jelexiz Cuenca
|
0-0: Called Strike 0-1: Swinging Strike 0-2: Strikes out looking
|
Top of the 9th over - 0 runs, 1 hit, 0 errors, 1 left on base; Hagerstown 1 - Lakewood 10 |
|